 Dungeon Crawl Stone Soup version 0.19.4-9-g45fd643 (webtiles) character file.

1735 Invaser777 the Slasher (level 9, -2/66 HPs)
             Began as a Human Fighter on Feb 19, 2017.
             Was a Follower of Makhleb.
             Slain by zegmoder's ghost (4 damage)
             ... on level 6 of the Dungeon.
             The game lasted 00:52:48 (5763 turns).

Invaser777 the Slasher (Human Fighter)              Turns: 5763, Time: 00:52:48

Health: -2/66      AC: 10    Str: 18    XL:     9   Next: 25%
Magic:  9/9        EV:  9    Int:  9    God:    Makhleb [*.....]
Gold:   209        SH: 15    Dex: 14    Spells: 1 memorised, 7 levels left

rFire  . . .     SeeInvis .     a - +1 long sword
rCold  + . .     Gourm    .     w - +1 scale mail {rC+}
rNeg   . . .     Faith    .     c - +0 shield
rPois  .         Spirit   .     (no helmet)
rElec  .         Reflect  +     E - +0 cloak
rCorr  .         Harm     .     e - +0 pair of gloves
MR     .....                    (no boots)
Stlth  ..........               r - +5 amulet of reflection
                                (no ring)
                                (no ring)

@: no status effects
A: no striking features
a: Renounce Religion


You were on level 6 of the Dungeon.
You worshipped Makhleb.
Makhleb was aware of your devotion.
You were not hungry.

You visited 2 branches of the dungeon, and saw 7 of its levels.

You collected 312 gold pieces.
You spent 103 gold pieces at shops.

Inventory:

Hand Weapons
 a - a +1 long sword (weapon)
 s - a +1 spear of freezing
Missiles
 i - 7 javelins (quivered)
 j - 12 poisoned needles
Armour
 c - a +0 shield (worn)
 d - a +0 chain mail
 e - a +0 pair of gloves (worn)
 v - a +0 shield
 w - a +1 scale mail of cold resistance (worn)
 E - a +0 cloak (worn)
Jewellery
 r - a +5 amulet of reflection (around neck)
 F - an uncursed ring of stealth {unknown}
Wands
 g - a wand of slowing (33/48)
 p - a wand of slowing (27/48)
Scrolls
 l - 6 scrolls of amnesia
 t - 3 scrolls of enchant weapon
 x - a scroll of fear {unknown}
 y - 2 scrolls of teleportation
 A - a scroll of identify
 B - 2 scrolls of remove curse {unknown}
Potions
 b - a potion of degeneration {unknown}
 k - a potion of magic
 m - a potion of lignification {unknown}
 o - a potion of beneficial mutation {unknown}
 u - a potion of brilliance {unknown}
 z - a potion of flight {unknown}
 D - a potion of agility {unknown}
 G - a potion of curing
Books
 h - a book of Frost

   Spells                             Type                      Level
   a - Freeze                         Ice                          1
   b - Throw Frost                    Conjuration/Ice              2
   c - Ozocubu's Armour               Charms/Ice                   3
   d - Throw Icicle                   Conjuration/Ice              4
   e - Summon Ice Beast               Ice/Summoning                4
Comestibles
 f - 2 bread rations
 q - a slice of pizza
 C - 2 beef jerkies


   Skills:
 + Level 4.4 Fighting
 * Level 7.5 Long Blades
 - Level 0.2 Polearms
 + Level 0.8 Throwing
 + Level 5.2 Armour
 + Level 2.1 Dodging
 + Level 0.2 Stealth
 * Level 6.8 Shields


You had 7 spell levels left.
You knew the following spells:

 Your Spells              Type           Power        Failure   Level  Hunger
a - Freeze                Ice            #...         100%        1    ##.....


Dungeon Overview and Level Annotations

Branches:
Dungeon (6/15)             Temple (1/1) D:4

Altars:
Ashenzari
Cheibriados
Dithmenos
Elyvilon
Hepliaklqana
Kikubaaqudgha
Makhleb
Qazlal
Ru
Sif Muna
Trog
Uskayaw
Vehumet
Xom
Zin
The Shining One

Shops:
D:5 [=

Annotations:
D:6 zegmoder's ghost, novice DsAK


Message History

You hit zegmoder's ghost.
Zegmoder's ghost is moderately damaged.
You block zegmoder's ghost's attack.
You hit zegmoder's ghost but do no damage.
Zegmoder's ghost is moderately damaged.
Zegmoder's ghost hits you.
* * * LOW HITPOINT WARNING * * *
You writhe in agony.
* * * LOW HITPOINT WARNING * * *
You hit zegmoder's ghost.
Zegmoder's ghost is moderately damaged.
You block zegmoder's ghost's attack.
You slash zegmoder's ghost!
Zegmoder's ghost is heavily damaged.
You block zegmoder's ghost's attack.
A sky beast appears from thin air!
Reactivating autopickup.
You hit zegmoder's ghost.
Zegmoder's ghost is heavily damaged.
Zegmoder's ghost hits you.
You die...

..... ..........
.........$.. ##
..##......... ...
..##........ ....
..##........ .....
..##......###'####......
..'..........ZYW@†>.....
..###.........####......
##........#....... .....
#........#........ ....
#........#......... ...
##.....####......... ..
.......†.Y.......... #
....#.#...#........#
....#.#[..#######.


You could see a sky beast, zegmoder's ghost and a howler monkey skeleton.

Vanquished Creatures
  A steam dragon (D:6)
  Edmund (D:6)
  An ice beast (D:5)
  A phantom (D:4)
  3 ogres
  A wyvern skeleton (D:6)
  A scorpion (D:6)
  A howler monkey (D:5)
  2 crimson imps (D:6)
  3 hounds (D:4)
  An orc priest (D:4)
  2 orc wizards (D:4)
  A centaur skeleton (D:6)
  Terence (D:2)
  Jessica (D:2)
  An iguana (D:6)
  Ijyb (D:2)
  5 worker ants
  A killer bee zombie (D:6)
  A hound skeleton (D:4)
  10 adders
  A river rat (D:3)
  2 shadow imps
  2 oozes (D:1)
  2 adder skeletons (D:4)
  3 worms (D:3)
  2 dart slugs (D:2)
  5 leopard geckos
  7 orcs
  4 ball pythons
  9 bats
  5 giant cockroaches
  11 goblins
  12 hobgoblins
  7 jackals
  6 kobolds
  6 quokkas
  6 frilled lizards
  9 rats
  21 fungi (D:5)
160 creatures vanquished.

Vanquished Creatures (others)
  2 centaurs
2 creatures vanquished.

Grand Total: 162 creatures vanquished

Notes
Turn   | Place    | Note
-------+----------+-------------------------------------------
     0 | D:1      | Invaser777 the Human Fighter began the quest for the Orb.
     0 | D:1      | Reached XP level 1. HP: 18/18 MP: 1/1
   152 | D:1      | Reached XP level 2. HP: 7/24 MP: 2/2
   272 | D:1      | Reached XP level 3. HP: 20/29 MP: 3/3
   496 | D:1      | You fall through a shaft!
   624 | D:2      | Found a radiant altar of Vehumet.
   697 | D:2      | Reached XP level 4. HP: 30/35 MP: 4/4
   734 | D:2      | Reached skill level 3 in Long Blades
   913 | D:2      | Noticed Jessica
   924 | D:2      | Killed Jessica
   924 | D:2      | Reached XP level 5. HP: 37/41 MP: 5/5
  1002 | D:2      | Found a hazy altar of Hepliaklqana.
  1080 | D:2      | Noticed Terence
  1104 | D:2      | Noticed Ijyb
  1129 | D:2      | Killed Terence
  1141 | D:2      | Killed Ijyb
  1185 | D:2      | Found a sacrificial altar of Ru.
  1328 | D:3      | Found a glowing drain.
  1349 | D:3      | Reached XP level 6. HP: 10/47 MP: 6/6
  1419 | D:3      | Found a hide-covered altar of Uskayaw.
  2232 | D:4      | Reached skill level 4 in Long Blades
  2363 | D:4      | Noticed a phantom
  2427 | D:4      | Killed a phantom
  2427 | D:4      | Reached XP level 7. HP: 23/53 MP: 7/7
  2619 | D:4      | Learned a level 1 spell: Freeze
  2932 | D:4      | Found a staircase to the Ecumenical Temple.
  2941 | Temple   | Entered the Ecumenical Temple
  3878 | Temple   | Became a worshipper of Makhleb the Destroyer
  3936 | D:4      | Reached skill level 1 in Dodging
  4034 | D:4      | Found a snail-covered altar of Cheibriados.
  4056 | D:4      | Reached skill level 5 in Long Blades
  4056 | D:4      | Reached skill level 5 in Shields
  4292 | D:4      | Reached XP level 8. HP: 56/60 MP: 8/8
  4334 | D:5      | Entered Level 5 of the Dungeon
  4370 | D:5      | Reached * piety under Makhleb
  4396 | D:5      | Found a shimmering altar of Xom.
  4502 | D:5      | Reached skill level 6 in Long Blades
  4517 | D:5      | Found Numeiff's Jewellery Boutique.
  5115 | D:5      | Found Veasuus Nyul's Antique Armour Boutique.
  5120 | D:5      | Bought a cloak for 103 gold pieces
  5140 | D:6      | Found a glowing golden altar of the Shining One.
  5243 | D:6      | Reached skill level 5 in Armour
  5383 | D:6      | Reached XP level 9. HP: 36/65 MP: 9/9
  5530 | D:6      | Reached skill level 7 in Long Blades
  5658 | D:6      | Noticed zegmoder's ghost (novice DsAK)
  5665 | D:6      | Noticed Edmund
  5743 | D:6      | Killed Edmund
  5751 | D:6      | HP: 2/66 [zegmoder's ghost (3)]
  5760 | D:6      | HP: 2/66 [zegmoder's ghost (1)]
  5763 | D:6      | Slain by zegmoder's ghost

Skill      XL: |  1  2  3  4  5  6  7  8  9 |
---------------+----------------------------+-----
Long Blades    | 3 4 5 6 7 |  7.5
Armour         | 4 5 |  5.2
Shields        | 4 5 6 |  6.8
Fighting       | 4 |  4.4
Dodging        | 1 2 |  2.1
Polearms       | |  0.2
Throwing       | |  0.8
Stealth        | |  0.2

Action                   |  1- 3 |  4- 6 |  7- 9 || total
-------------------------+-------+-------+-------++-------
Melee: Long sword        |    95 |   281 |   570 ||   946
       Spear             |       |     4 |       ||     4
Throw: Javelin           |       |     1 |     5 ||     6
  Use: Potion            |       |     6 |     3 ||     9
       Scroll            |       |     6 |     4 ||    10
 Stab: Paralysed         |       |     2 |       ||     2
       Invisible         |       |     1 |       ||     1
  Eat: Pizza             |       |     1 |     1 ||     2
       Meat ration       |       |     1 |     1 ||     2
       Chunk             |       |     1 |     2 ||     3
       Beef jerky        |       |     1 |       ||     1
       Bread ration      |       |       |     1 ||     1
Armor: Scale mail        |    80 |    35 |   121 ||   236
       Plate armour      |       |    52 |       ||    52
       Chain mail        |       |    51 |       ||    51
Dodge: Dodged            |    31 |    66 |    85 ||   182
Block: Shield            |    47 |   213 |   317 ||   577
       Reflection        |       |     1 |     7 ||     8
       Rpst.: Long sword |    11 |    29 |    30 ||    70
